 Dungeon Crawl Stone Soup version 0.26-a0-1164-g1a551d6a14 (webtiles) character file.

Game seed: 3136977356182756108

5714 sahdkjhfkaj the Grappler (level 10, 0/153 HPs)
             Began as a Troll Arcane Marksman on Dec 23, 2020.
             Was a High Priest of Okawaru.
             Slain by a death yak (17 damage)
             ... on level 9 of the Dungeon.
             The game lasted 00:16:23 (8090 turns).

sahdkjhfkaj the Grappler (Troll Arcane Marksman)    Turns: 8090, Time: 00:16:23

Health: 0/153      AC: 25    Str: 23    XL:     10   Next: 48%
Magic:  10/10      EV:  1    Int:  9    God:    Okawaru [*****.]
Gold:   450        SH:  0    Dex: 10    Spells: 9/11 levels left

rFire    . . .     SeeInvis .     - Unarmed
rCold    . . .     Faith    .   (no shield)
rNeg     + + +     Spirit   .   (armour currently unavailable)
rPois    +         Reflect  .   (helmet currently unavailable)
rElec    .         Harm     .   (cloak currently unavailable)
rCorr    .         Rampage  .   (gloves unavailable)
Will     .....     NoTele   +   (boots unavailable)
Stlth    +.........             l - amulet of magic regeneration
HPRegen  0.75/turn              t - +4 ring of evasion
MPRegen  0.37/turn              (no ring)

@: tree-form
A: large, unfitting armour, regeneration 1
a: Renounce Religion, Heroism, Finesse


You were on level 9 of the Dungeon.
You worshipped Okawaru.
Okawaru was extremely pleased with you.
You were a tree.
You visited 1 branch of the dungeon, and saw 9 of its levels.

You collected 450 gold pieces.

Inventory:

Missiles
 c - 4 large rocks (quivered)
 d - 4 throwing nets {!f}
Armour
 a - a +0 robe (melded)
 b - a +0 hat (melded)
 B - a +0 cloak (melded)
Jewellery
 l - an amulet of magic regeneration (around neck)
 t - a +4 ring of evasion (left branch)
Wands
 n - a wand of disintegration (30)
 y - a wand of polymorph (6)
 z - a wand of iceblast (18)
 C - a wand of flame (18)
Scrolls
 f - 4 scrolls of enchant armour
 h - a scroll of fear
 i - 3 scrolls of remove curse
 k - a scroll of immolation
 o - 5 scrolls of teleportation {!r}
 q - 2 scrolls of fog
 s - a scroll of random uselessness {unknown}
 v - a scroll of vulnerability
Potions
 e - a potion of mutation
 g - 8 potions of curing
 j - 2 potions of invisibility {unknown}
 m - a potion of brilliance {unknown}
 p - a potion of magic {unknown}
 r - a potion of lignification
 u - 3 potions of flight
 w - 2 potions of degeneration {unknown}
 x - 3 potions of haste
 A - 2 potions of berserk rage {unknown}
 D - a potion of resistance {unknown}


   Skills:
 - Level 7.0 Fighting
 - Level 1.7 Throwing
 - Level 1.5 Dodging
 - Level 7.0 Shields
 - Level 9.0 Unarmed Combat
 - Level 1.0 Spellcasting
 - Level 2.0 Hexes
 + Level 3.9 Evocations


You had 9 spell levels left.
You knew the following spells:

 Your Spells              Type           Power        Failure   Level
a - Corona                Hex            4%           16%         1
A - Animate Skeleton      Necr           0%           36%         1

Your spell library contained the following spells:

 Spells                   Type           Power        Failure   Level
 Slow                     Hex            4%           24%         2
 Apportation              Tloc           0%           36%         1
 Summon Small Mammal      Summ           0%           36%         1
 Inner Flame              Hex/Fire       2%           58%         3
 Portal Projectile        Hex/Tloc       4%           58%         3
 Cause Fear               Hex            2%           85%         4
 Leda's Liquefaction      Hex/Erth       1%           94%         4


Dungeon Overview and Level Annotations

Branches:
Dungeon (9/15)             Temple (0/1) D:7            Lair (0/6) D:9
    Orc: D:9-12

Altars:
Dithmenos
Gozag
Okawaru

Shops:
D:5 }   D:9 *

Annotations:
D:3 2 transporters, innerfire34's ghost, amateur DsBe
D:4 2 transporters, OhItsWolfy's ghost, novice HOFi


Innate Abilities, Weirdness & Mutations

You are too large for most types of armour.
((You have claws for hands.))
Your natural rate of healing is unusually fast.
((You are covered in fur. (AC +1)))
((You have extremely tough skin. (AC +3)))


Message History

You claw the death yak!
The death yak is severely wounded.
The death yak completely misses you.
You mangle the death yak!!
The death yak is almost dead.
The death yak gores you!
* * * LOW HITPOINT WARNING * * *
You barely miss the death yak.
The death yak is almost dead.
The death yak gores you!!
* * * LOW HITPOINT WARNING * * *
Really quaff the potion of lignification?
You turn into a tree.
Your +0 cloak melds into your body.
Your +0 hat melds into your body.
Your +0 robe melds into your body.
Your roots penetrate the ground.
The death yak gores you but does no damage.
You hit the death yak.
The death yak is almost dead.
The death yak gores you!
You die...

...#
#........##.#
#............
...#
#........##.#
#............
...#
#........##.#
#............
...#
#........##.#
#..........))
...#
#........##.#
#..........).
...#
#........##.#
#............
...#
#........##.#
#............
...#
#........##Y#
#............
...# #♣#
#............
#### ###
#############


You could see a death yak.

Vanquished Creatures
  2 death yaks
  Prince Ribbit (D:8)
  Grinder (D:3)
  Sigmund (D:2)
  Edmund (D:6)
  A water moccasin (D:6)
  3 orc warriors
  Duvessa (D:7)
  2 ice beasts
  5 sky beasts
  A black bear (D:7)
  2 phantoms
  An ogre (D:8)
  3 centaurs
  Blork the orc (D:6)
  2 bullfrogs (D:8)
  Dowan (D:7)
  A scorpion (D:8)
  A water moccasin skeleton (D:6)
  3 killer bees (D:9)
  A howler monkey (D:4)
  A bullfrog zombie (D:9)
  A quasit (D:8)
  4 centaur zombies
  2 jellies
  6 hounds
  Crazy Yiuf (D:7)
  2 orc priests
  A centaur skeleton (D:9)
  A bullfrog skeleton (D:6)
  Jessica (D:3)
  2 iguanas
  7 orc wizards
  10 worker ants
  A howler monkey zombie (D:5)
  2 hound skeletons
  15 gnolls
  16 adders
  3 shadow imps
  2 white imps
  2 ufetubi
  3 adder skeletons
  2 adder zombies
  2 worms
  2 dart slugs
  7 leopard geckos
  35 orcs
  6 bats
  5 giant cockroaches
  5 goblins
  9 hobgoblins
  12 jackals
  2 quokkas
  A ball python (D:2)
  A ball python skeleton (D:5)
  4 frilled lizards
  6 kobolds
  6 rats
223 creatures vanquished.

Vanquished Creatures (others)
  6 plants (D:4)
6 creatures vanquished.

Grand Total: 229 creatures vanquished

Notes
Turn   | Place    | Note
-------+----------+-------------------------------------------
     0 | D:1      | sahdkjhfkaj the Troll Arcane Marksman began the quest for
                  | the Orb.
     0 | D:1      | Reached XP level 1. HP: 18/18 MP: 1/1
    40 | D:1      | Reached skill level 1 in Unarmed Combat
    45 | D:1      | Reached skill level 1 in Fighting
   143 | D:1      | Reached XP level 2. HP: 16/27 MP: 2/2
   194 | D:1      | Reached skill level 2 in Unarmed Combat
   272 | D:1      | Reached XP level 3. HP: 33/33 MP: 3/3
  1037 | D:2      | Found an iron altar of Okawaru.
  1047 | D:2      | Reached skill level 3 in Unarmed Combat
  1047 | D:2      | Reached XP level 4. HP: 38/42 MP: 4/4
  1070 | D:2      | Became a worshipper of Warmaster Okawaru
  1126 | D:3      | Found a faded altar of an unknown god.
  1126 | D:3      | Noticed Jessica
  1152 | D:3      | Killed Jessica
  1243 | D:3      | Reached skill level 4 in Unarmed Combat
  1243 | D:3      | Reached XP level 5. HP: 49/49 MP: 5/5
  1247 | D:3      | Noticed Sigmund
  1745 | D:2      | Killed Sigmund
  1745 | D:2      | Reached * piety under Okawaru
  1746 | D:2      | Reached skill level 5 in Unarmed Combat
  1746 | D:2      | Reached XP level 6. HP: 28/61 MP: 6/6
  1804 | D:3      | Found a transporter.
  1843 | D:3      | Reached skill level 1 in Shields
  2103 | D:3      | Found a transporter.
  2104 | D:3      | Noticed innerfire34's ghost (amateur DsBe)
  2420 | D:3      | Noticed Grinder
  2460 | D:3      | Paralysed by Grinder for 3 turns
  2464 | D:3      | Killed Grinder
  2464 | D:3      | Reached ** piety under Okawaru
  2465 | D:3      | Reached skill level 6 in Unarmed Combat
  2465 | D:3      | Reached XP level 7. HP: 67/67 MP: 7/7
  2697 | D:4      | Found a transporter.
  2724 | D:4      | Noticed OhItsWolfy's ghost (novice HOFi)
  2726 | D:4      | Found the +0 glaive of the Guard {elec, spectral, AC+5}
  2814 | D:4      | Found a transporter.
  3025 | D:5      | Entered Level 5 of the Dungeon
  3366 | D:5      | Found Fude's Gadget Shop.
  3374 | D:5      | Reached XP level 8. HP: 76/78 MP: 8/8
  3699 | D:6      | Reached skill level 7 in Unarmed Combat
  3850 | D:6      | Reached *** piety under Okawaru
  3996 | D:6      | Reached skill level 5 in Fighting
  4234 | D:6      | Noticed Blork the orc
  4239 | D:6      | Killed Blork the orc
  4274 | D:6      | Reached skill level 5 in Shields
  4483 | D:6      | Noticed Edmund
  4500 | D:6      | Killed Edmund
  4501 | D:6      | Reached skill level 1 in Evocations
  4672 | D:6      | Found a shadowy altar of Dithmenos.
  4753 | D:7      | Found a staircase to the Ecumenical Temple.
  4931 | D:7      | Reached XP level 9. HP: 73/88 MP: 9/9
  5031 | D:7      | Noticed Dowan
  5032 | D:7      | Noticed Duvessa
  5057 | D:7      | Killed Duvessa
  5067 | D:7      | Killed Dowan
  5142 | D:7      | Reached **** piety under Okawaru
  5143 | D:7      | Reached skill level 8 in Unarmed Combat
  5240 | D:7      | Found a runed translucent door.
  5241 | D:7      | Noticed Crazy Yiuf
  5863 | D:7      | Killed Crazy Yiuf
  6334 | D:8      | Learned a level 1 spell: Animate Skeleton
  6474 | D:8      | Reached skill level 9 in Unarmed Combat
  6487 | D:8      | Noticed Prince Ribbit
  6492 | D:8      | Killed Prince Ribbit
  6895 | D:9      | Reached XP level 10. HP: 60/102 MP: 10/10
  7013 | D:9      | Found Fedeoh's General Store.
  7195 | D:9      | Reached ***** piety under Okawaru
  7251 | D:9      | Noticed a death yak
  7253 | D:9      | Found a staircase to the Lair.
  7253 | D:9      | Noticed a death yak
  7253 | D:9      | Noticed a death yak
  7308 | D:9      | Killed a death yak
  7508 | D:8      | Killed a death yak
  7735 | D:9      | Found an opulent altar of Gozag.
  8090 | D:9      | Slain by a death yak

Illustrated notes

Levels and vault maps discovered:
D:1:      lightli_arrival_quake, layout_rooms
D:2:      layout_basic, okawaru_altar_gauntlet_db
D:3:      layout_rooms, chequers_ecumenical_altar_simple,
          gammafunk_ghost_mausoleum, chequers_decorated_corner, minmay_unequal,
          uniq_jessica, uniq_sigmund, uniq_grinder
D:4:      layout_rooms, gammafunk_ghost_gnarly_gnolls
D:5:      layout_basic, serial_shops, shop
D:6:      layout_basic, grunt_dithmenos_shadows, uniq_edmund, uniq_blork_the_orc
D:7:      layout_loops_corners, minmay_temple_entry_mini_moons, uniq_duvessa,
          uniq_crazy_yiuf_cottage
D:8:      layout_gridville, uniq_prince_ribbit1
D:9:      nzn_winding_woodlands_three_and_one
          [nzn_winding_woodlands_5x15_jagged, nzn_winding_woodlands_5x15_twine,
          nzn_winding_woodlands_5x15_pool, nzn_winding_woodlands_center_lodge],
          layout_long_grid, lemuel_crystal_altar, dpeg_lair_monsters,
          serial_shops, nicolae_shop_stone, nicolae_shop_waterfront

Skill      XL: |  1  2  3  4  5  6  7  8  9 10 |
---------------+-------------------------------+-----
Unarmed Combat | 1 2 3 4 5 6 7 9 |  9.0
Fighting       | 1 2 3 4 5 7 |  7.0
Shields        | 2 3 5 7 |  7.0
Evocations     | 2 3 |  3.9
Throwing       | |  1.7
Dodging        | |  1.5
Spellcasting   | |  1.0
Hexes          | |  2.0

Action                   |  1- 3 |  4- 6 |  7- 9 | 10-12 || total
-------------------------+-------+-------+-------+-------++-------
Melee: Unarmed           |   133 |   139 |   467 |   103 ||   842
       Punch             |     2 |     2 |    18 |     1 ||    23
Throw: Large rock        |       |     7 |     1 |       ||     8
  Use: Scroll            |     2 |     4 |     7 |       ||    13
       Potion            |       |       |       |     1 ||     1
 Stab: Confused          |       |       |     3 |       ||     3
       Distracted        |       |       |       |     1 ||     1
Armor: Robe              |    78 |    88 |   115 |    18 ||   299
       Skin              |       |       |     1 |     1 ||     2
Dodge: Dodged            |    88 |   119 |   247 |    59 ||   513

Table legend: (Time is in decaauts)
 A = Elapsed time spent in this place.
 B = Non-inter-level travel time spent in this place.
 C = Inter-level travel time spent in this place.
 D = Time resting spent in this place.
 E = Time spent auto-exploring this place.
 F = Levels seen in this place.
 G = Mean time per level.
                   A        B        C        D        E       F      G
               +--------+--------+--------+--------+--------+-----+--------+
         Total |   8021 |   7761 |    260 |   1291 |   4712 |   9 |  891.2 |
       Dungeon |   8021 |   7761 |    260 |   1291 |   4712 |   9 |  891.2 |
               +--------+--------+--------+--------+--------+-----+--------+

Top non-repeatable levels by time:
     D:7: 1291 daAuts
     D:2: 1154 daAuts
     D:8: 1108 daAuts
     D:6: 1061 daAuts
     D:9: 921 daAuts
     D:3: 885 daAuts
     D:5: 613 daAuts
     D:1: 504 daAuts
     D:4: 482 daAuts
